 Dungeon Crawl Stone Soup version 0.28.0-53-g5a82cb258f (webtiles) character file.

Game seed: 16256898409792363518

135 DearestLeader the Thaumaturge (level 5, -14/40 HPs)
             Began as a Gnoll Wanderer on June 7, 2022.
             Demolished by an ogre
             ... wielding a +0 giant club
              (21 damage)
             ... on level 3 of the Dungeon.
             The game lasted 00:04:46 (2654 turns).

DearestLeader the Thaumaturge (Gnoll Wanderer)      Turns: 2654, Time: 00:04:48

Health: -14/40     AC:  6    Str: 14    XL:     5   Next: 18%
Magic:  8/16       EV: 11    Int: 13    God:
Gold:   104        SH:  0    Dex:  9    Spells: 15/22 levels left

rFire   . . .      SeeInvis .   c - +0 short sword
rCold   . . .      Faith    .   (no shield)
rNeg    . . .      Spirit   .   b - +0 ring mail
rPois   .          Reflect  .   (no helmet)
rElec   .          Harm     .   (no cloak)
rCorr   .          Rampage  .   (no gloves)
Will    .....                   (no boots)
Stlth   +.........              (no amulet)
HPRegen 0.13/turn               (no ring)
MPRegen 0.15/turn               (no ring)

@: no status effects
A: fangs 1, strong nose, distributed training
a: no special abilities


You were on level 3 of the Dungeon.
You visited 1 branch of the dungeon, and saw 3 of its levels.

You collected 104 gold pieces.

Inventory:

Hand Weapons
 a - a +0 club
 c - a +0 short sword (weapon)
Armour
 b - a +0 ring mail (worn)
 l - a +0 leather armour
Jewellery
 j - a +6 ring of intelligence
Wands
 k - a wand of iceblast (8)
Scrolls
 d - 2 scrolls of magic mapping {unknown}
 e - a scroll of fear {unknown}
 f - 2 scrolls of fog {unknown}
 h - 2 scrolls of identify {unknown}
 i - 2 scrolls of teleportation {unknown}
Potions
 g - a potion of curing {unknown}


   Skills:
 + Level 2.9 Fighting
 + Level 1.4 Short Blades
 + Level 1.4 Long Blades
 + Level 1.4 Axes
 + Level 1.4 Maces & Flails
 + Level 1.4 Polearms
 + Level 1.4 Staves
 + Level 1.4 Slings
 + Level 1.4 Bows
 + Level 1.4 Crossbows
 + Level 1.4 Throwing
 + Level 4.7 Armour
 + Level 2.9 Dodging
 + Level 1.4 Stealth
 + Level 1.4 Shields
 + Level 1.4 Unarmed Combat
 + Level 9.4 Spellcasting
 + Level 1.1 Conjurations
 + Level 2.3 Hexes
 + Level 1.1 Summonings
 + Level 1.1 Necromancy
 + Level 1.1 Translocations
 + Level 1.1 Transmutations
 + Level 1.1 Fire Magic
 + Level 1.1 Ice Magic
 + Level 1.1 Air Magic
 + Level 1.1 Earth Magic
 + Level 1.1 Poison Magic
 + Level 1.5 Invocations
 + Level 1.4 Evocations


You had 15 spell levels left.
You knew the following spells:

 Your Spells              Type           Power      Damage    Failure   Level
a - Sting                 Tmut/Pois      36%        1d4       14%         1
b - Slow                  Hex            48%        N/A       9%          1
c - Searing Ray           Conj           18%        2d5       22%         2
d - Ignite Poison         Fire/Tmut/Pois 9%         N/A       41%         3

Your spell library contained the following spells:

 Spells                   Type           Power      Damage    Failure   Level
 Dazzling Flash           Conj/Hex       20%        N/A       32%         3


Dungeon Overview and Level Annotations

Branches:
Dungeon (3/15)

Altars:


Innate Abilities, Weirdness & Mutations

You have very sharp teeth.
Your uncanny sense of smell can sniff out nearby items.
Your experience applies equally to all skills.


Message History

The ogre is heavily wounded.
You finish channelling your searing ray.
The ogre barely misses you.
Casting: Searing Ray (safe; 22% risk of failure)
Confirm with . or Enter, or press ? or * to list all spells.
Aiming: Sting (safe; 14% risk of failure)
Press: ? - help, Shift-Dir - straight line, f/p - ogre
Aim: an ogre, wielding a +0 giant club (heavily wounded, 85% to hit)
The sting hits the ogre.
The ogre is poisoned.
The ogre is severely wounded.
The ogre barely misses you. The ogre closely misses you.
Unknown command.
Casting: Sting (safe; 14% risk of failure)
Confirm with . or Enter, or press ? or * to list all spells.
Aiming: Slow (safe; 9% risk of failure)
Press: ? - help, Shift-Dir - straight line, f/p - ogre
Aim: an ogre, wielding a +0 giant club (severely wounded, poisoned, chance to affect: 50%)
You miscast Slow.
You are very lightly contaminated with residual magic.
Nothing appears to happen.
You hit the ogre.
The ogre is almost dead.
The ogre hits you with a +0 giant club!!
Ouch! That really hurt!
* * * LOW HITPOINT WARNING * * *
Unknown command.
The ogre looks more healthy.
There is a fountain of clear blue water here.
Your magical contamination has completely faded away.
Casting: Slow (safe; 9% risk of failure)
Confirm with . or Enter, or press ? or * to list all spells.
Aiming: Sting (safe; 14% risk of failure)
Press: ? - help, Shift-Dir - straight line, f/p - ogre
Aim: an ogre, wielding a +0 giant club (almost dead, 85% to hit)
The sting hits the ogre.
The ogre is poisoned.
The ogre is almost dead.
The ogre hits you with a +0 giant club!!
Ouch! That really hurt!
You die...

......#............#...##.....
###.#...).......................
................#....####......
#..............#P.P.#.........
#..........######.P..........#
#........#..#_#.PP.........#
#........#..#.#.............
#......P..≈....#......<.....
####......O@...#............
####P.≈..⌠≈.#.P..........
#.P.PPPPP#.........)..
#......P..#...........
#....P....#..####+###.
######.......# #.###. #########
#(.... ######


You could see an ogre (poisoned).

Vanquished Creatures
  Natasha (twice) (D:3)
  4 adders
  A worm (D:3)
  A dart slug (D:1)
  3 ball pythons
  4 bats (D:1)
  3 endoplasms (D:1)
  2 giant cockroaches
  4 hobgoblins
  2 jackals (D:1)
  5 kobolds
  2 quokkas
  3 frilled lizards (D:1)
  7 goblins
  3 rats
46 creatures vanquished.

Notes
Turn   | Place    | Note
-------+----------+-------------------------------------------
     0 | D:1      | Reached skill level 9 in Spellcasting
     0 | D:1      | DearestLeader the Gnoll Wanderer began the quest for the
                  | Orb.
     0 | D:1      | DearestLeader set off with the following items: a +0 club,
                  | a +0 ring mail; and the following spells available to
                  | memorise: Slow, Sting, Searing Ray, Dazzling Flash, Ignite
                  | Poison
     0 | D:1      | Reached XP level 1. HP: 17/17 MP: 10/10
     2 | D:1      | Learned a level 1 spell: Sting
     4 | D:1      | Learned a level 1 spell: Slow
   225 | D:1      | Reached XP level 2. HP: 23/23 MP: 9/12
   644 | D:1      | Reached XP level 3. HP: 28/28 MP: 11/13
  1527 | D:2      | You fall into a shaft and drop 1 floor!
  1552 | D:3      | Reached skill level 1 in Invocations
  1555 | D:3      | Reached skill level 1 in Short Blades
  1555 | D:3      | Reached skill level 1 in Long Blades
  1555 | D:3      | Reached skill level 1 in Axes
  1555 | D:3      | Reached skill level 1 in Maces & Flails
  1555 | D:3      | Reached skill level 1 in Polearms
  1555 | D:3      | Reached skill level 1 in Staves
  1555 | D:3      | Reached skill level 1 in Slings
  1555 | D:3      | Reached skill level 1 in Bows
  1555 | D:3      | Reached skill level 1 in Crossbows
  1555 | D:3      | Reached skill level 1 in Throwing
  1555 | D:3      | Reached skill level 1 in Stealth
  1555 | D:3      | Reached skill level 1 in Shields
  1555 | D:3      | Reached skill level 1 in Unarmed Combat
  1555 | D:3      | Reached skill level 1 in Evocations
  1560 | D:3      | Reached XP level 4. HP: 15/34 MP: 3/15
  1681 | D:3      | Learned a level 2 spell: Searing Ray
  1685 | D:3      | Learned a level 3 spell: Ignite Poison
  1755 | D:3      | Noticed Natasha
  1760 | D:3      | Killed Natasha
  1761 | D:3      | Reached skill level 1 in Conjurations
  1761 | D:3      | Reached skill level 1 in Summonings
  1761 | D:3      | Reached skill level 1 in Necromancy
  1761 | D:3      | Reached skill level 1 in Translocations
  1761 | D:3      | Reached skill level 1 in Transmutations
  1761 | D:3      | Reached skill level 1 in Fire Magic
  1761 | D:3      | Reached skill level 1 in Ice Magic
  1761 | D:3      | Reached skill level 1 in Air Magic
  1761 | D:3      | Reached skill level 1 in Earth Magic
  1761 | D:3      | Reached skill level 1 in Poison Magic
  1771 | D:3      | Noticed Natasha
  1776 | D:3      | Killed Natasha
  1777 | D:3      | Reached XP level 5. HP: 29/40 MP: 6/16
  2620 | D:3      | Found a faded altar of an unknown god.
  2634 | D:3      | Noticed an ogre
  2654 | D:3      | Demolished by an ogre

Illustrated notes

Levels and vault maps discovered:
D:1:      sevenhm_arrival_forest_fort_large_4, layout_loops_ring
D:2:      layout_loops_ring, chequers_serial_rivers_micro_b, chequers_garden,
          kennysheep_cluttered_room, serial_bayou_pond_e
D:3:      layout_basic, nicolae_ashenzari_panopticon,
          shapermc_ecumenical_altar_mp_ritualfount, uniq_natasha

Skill      XL: |  1  2  3  4 |
---------------+-------------+-----
Spellcasting   | |  9.4
Hexes          | 2 |  2.3
Invocations    | 1 |  1.5
Short Blades   | 1 |  1.4
Long Blades    | 1 |  1.4
Axes           | 1 |  1.4
Maces & Flails | 1 |  1.4
Polearms       | 1 |  1.4
Staves         | 1 |  1.4
Slings         | 1 |  1.4
Bows           | 1 |  1.4
Crossbows      | 1 |  1.4
Throwing       | 1 |  1.4
Stealth        | 1 |  1.4
Shields        | 1 |  1.4
Unarmed Combat | 1 |  1.4
Evocations     | 1 |  1.4
Conjurations   | 1 |  1.1
Summonings     | 1 |  1.1
Necromancy     | 1 |  1.1
Translocations | 1 |  1.1
Transmutations | 1 |  1.1
Fire Magic     | 1 |  1.1
Ice Magic      | 1 |  1.1
Air Magic      | 1 |  1.1
Earth Magic    | 1 |  1.1
Poison Magic   | 1 |  1.1
Fighting       | |  2.9
Armour         | |  4.7
Dodging        | |  2.9

Action                   |  1- 3 |  4- 6 || total
-------------------------+-------+-------++-------
Melee: Club              |     9 |       ||     9
       Short sword       |    66 |    22 ||    88
       Punch             |     2 |       ||     2
       Bite              |     3 |     4 ||     7
 Cast: Sting             |    31 |     5 ||    36
       Searing Ray       |       |     5 ||     5
       Slow              |       |     4 ||     4
Armor: Ring mail         |    43 |     5 ||    48
Dodge: Dodged            |    60 |    14 ||    74
